 Dungeon Crawl Stone Soup version 0.31-a0-706-g405de50 (webtiles) character file.

Game seed: 14813359987207678510

38144 BarneyGumball the Eclecticist (level 14, -2/96 HPs)
             Began as a Djinni Fire Elementalist on Sept 9, 2023.
             Was a High Priest of Makhleb.
             Slain by a goliath frog (7 damage)
             ... on level 5 of the Lair of Beasts.
             The game lasted 01:04:44 (15784 turns).

BarneyGumball the Eclecticist (DjFE)               Turns: 15784, Time: 01:04:44

Health: -2/96      AC:  9    Str:  7    XL:     14   Next: 32%
Gold:   623        EV: 15    Int: 21    God:    Makhleb [*****.] SH:  5 Dex: 15

rFire   + + +        P - staff of cold
rCold   + . .        b - +0 buckler
rNeg    . . .        E - +1 steam dragon scales
rPois   ∞            m - +1 hat
rElec   .            o - +0 cloak
rCorr   .            M - +0 pair of gloves
SInv    .            (boots unavailable)
Will    +....        a - amulet of regeneration
Stlth   ++           K - ring of protection from fire
HPRegen 1.16/turn    n - ring of protection from cold
MPRegen 0.00/turn

%: infuse magic (-3 HP)
@: freezing walls, flying
A: sickness immunity, fire resistance 2, cold vulnerability 1, float, innate
caster, HP casting, extra vitality 1
a: Renounce Religion, Minor Destruction, Lesser Servant of Makhleb, Major
Destruction, Greater Servant of Makhleb


You were on level 5 of the Lair of Beasts.
You worshipped Makhleb.
Makhleb was extremely pleased with you.
You visited 3 branches of the dungeon, and saw 17 of its levels.

You collected 941 gold pieces.
You spent 318 gold pieces at shops.

Inventory:

Hand Weapons
 v - a +3 dagger of electrocution
 J - the +7 sling of Durable Action {flame, rPois rF+ SInv Stlth-}
   (You took it off an orc warrior on level 10 of the Dungeon)

   rF+:       It protects you from fire.
   rPois:     It protects you from poison SInv: It lets you see invisible.
   Stlth-:    It makes you less stealthy.
Missiles
 k - 19 poisoned darts (quivered)
Armour
 b - a +0 buckler (worn)
 m - a +1 hat (worn)
 o - a +0 cloak (worn)
 E - +1 steam dragon scales (worn)
 M - a +0 pair of gloves (worn)
Magical Staves
 P - a staff of cold (weapon)
Jewellery
 a - an amulet of regeneration (around neck)
 n - a ring of protection from cold (right hand)
 K - a ring of protection from fire (left hand)
Wands
 x - a wand of acid (17)
 B - a wand of paralysis (18)
 C - a wand of flame (21)
 D - a wand of mindburst (10)
 N - a wand of polymorph (5)
 O - a wand of digging (5)
 Q - a wand of roots (5)
Scrolls
 c - 2 scrolls of brand weapon
 f - 3 scrolls of vulnerability
 p - 5 scrolls of fog
 q - 4 scrolls of teleportation
 r - 2 scrolls of revelation
 s - a scroll of blinking {unknown}
 t - 3 scrolls of enchant weapon
 F - 2 scrolls of poison
 I - a scroll of noise {unknown}
 L - a scroll of silence {unknown}
Potions
 d - a potion of resistance
 e - 2 potions of attraction
 g - 4 potions of brilliance
 h - 5 potions of might
 i - 5 potions of curing
 j - a potion of heal wounds
 l - 3 potions of cancellation
 u - 2 potions of mutation
 w - a potion of lignification
 z - 2 potions of ambrosia
 A - a potion of haste
 G - 2 potions of invisibility
 H - a potion of enlightenment


   Skills:
 + Level 7.2 Fighting
 + Level 1.3 Staves
 + Level 8.2 Dodging
 - Level 1.5 Stealth
 - Level 4.0 Shields
 + Level 15.0 Spellcasting
 + Level 15.0 Conjurations
 + Level 15.0 Hexes
   Level 0.0 Charms
 + Level 15.0 Summonings
 + Level 15.0 Necromancy
 + Level 15.0 Translocations
 + Level 15.0 Transmutations
 + Level 15.0 Fire Magic
 + Level 15.0 Ice Magic
 + Level 15.0 Air Magic
 + Level 15.0 Earth Magic
 + Level 15.0 Poison Magic
 - Level 7.4 Invocations


You knew the following spells:

 Your Spells              Type           Power      Damage    Failure   Level
a - Foxfire               Conj/Fire      100%       2x1d9     0%          1
b - Scorch                Fire           100%       2d9       1%          2
c - Summon Lightning Spi  Summ/Air       68%        N/A       1%          4
d - Inner Flame           Hex/Fire       68%        N/A       1%          3
e - Flame Wave            Conj/Fire      68%        2d15      1%          4
f - Freeze                Ice            100%       1d10      0%          1
g - Passwall              Tmut/Erth      56%        N/A       1%          2
h - Frozen Ramparts       Ice            100%       1d16      1%          3
i - Dimensional Bullseye  Hex/Tloc       34%        N/A       1%          4
j - Volatile Blastmotes   Fire/Tloc      100%       2d18      1%          3
k - Agony                 Necr           68%        N/A       1%          5
Your spell library was empty.

Dungeon Overview and Level Annotations

Branches:
Dungeon (11/15)            Temple (1/1) D:7            Lair (4/5) D:10
 Shoals (0/4) Lair:2       Spider (0/4) Lair:2        Slime (0/5) Lair:5
    Orc (0/2) D:11

Altars:
Ashenzari
Cheibriados
Dithmenos
Elyvilon
Fedhas
Gozag
Hepliaklqana
Makhleb
Nemelex Xobeh
Okawaru
Qazlal
Ru
Trog
Uskayaw
Wu Jian
Xom
Yredelemnul
Zin
The Shining One

Shops:
D:2 *   D:7 *   D:9 !*

Annotations:
D:7 2 transporters, PiratePeteNZ's ghost, novice HuFi
D:9 3 transporters, cpf86's ghost, novice OpSh
Lair:1 exclusion: oklob plant


Innate Abilities, Weirdness & Mutations

You are immune to sickness and miasma.
You are immune to poison.
Your flesh is very heat resistant. (rF++)
You are vulnerable to cold. (rC-)
You float through the air rather than walking.
You learn spells naturally, not from books.
Your magical power is your life essence.
You have superior vitality. (+4 MHP)


Message History

* * * LOW HITPOINT WARNING * * *
The foxfire hits the cane toad but does no damage.
The foxfire hits the blink frog!
Flame seeps out of the blink frog.
The blink frog is severely wounded.
The blink frog is engulfed in blazing flames.
Makhleb accepts your kill.
You can now summon a greater servant of Makhleb.
You feel better.
The blink frog explodes!
A blink frog comes into view.
The cane toad is engulfed in blazing flames.
The cane toad attacks as it pursues you!
The cane toad stings you but does no damage.
Casting: Inner Flame (safe; 1% risk of failure)
Confirm with . or Enter, or press ? or * to list all spells.
Casting: Frozen Ramparts (safe; 1% risk of failure)
Press: ? - help, Dir - look around, f - activate You feel a surge of power!
The walls around you are covered in ice.
* * * LOW HITPOINT WARNING * * *
The wall freezes the cane toad!
Flame seeps out of the cane toad.
The cane toad is engulfed in blazing flames.
The wall freezes the cane toad.
You block the cane toad's attack.
Casting: Frozen Ramparts (safe; 1% risk of failure)
Confirm with . or Enter, or press ? or * to list all spells.
You conjure some foxfire!
* * * LOW HITPOINT WARNING * * *
The cane toad is engulfed in blazing flames.
Flame seeps out of the cane toad.
The wall freezes the cane toad.
Flame seeps out of the cane toad.
The cane toad stings you!!
* * * LOW HITPOINT WARNING * * *
A skyshark comes into view.
The cane toad is engulfed in blazing flames.
The wall freezes the cane toad but does no damage.
The cane toad stings you.
* * * LOW HITPOINT WARNING * * *
The goliath frog is engulfed in blazing flames.
The wall freezes the goliath frog!
The goliath frog seems to slow down.
The goliath frog hits you from afar!
You die...

*** ##*######## ***,**
***#.##P#.#..# ********,,,,,
*****..#.........## *,,,,,,,,,,,,
*,**..............# *,,,,,,,,,,,,
**,)..............# *,,,,,,,,,,,*
*,................#**,,,,,,,,,,,,
,,.........☼.°...v#.#**,,,,,,,,,,
,,........§.§..F@v.#* *,,,,,,*,,,
,,.........☼..FF#..#* *^*,***,,,*
,,............○#....# *,*** **,**
,,..........F.†#...## *** *,**
,,..P......~..~~...#*** ***,,
,,...PP.......~......,*******,,,,
**..PP#~.....~..~~~~~#*,,~,,,,,,,
,,#####~Pl.~~~P~~~~~~#*,,,~,,,,,,
,,.####P..~.~~P~~~≈P~**,,,,,,,<,,


You could see a skyshark, a goliath frog (slow), 2 cane toads and a blink frog.

Vanquished Creatures
  3 hydras
  A boulder beetle (Lair:2)
  2 two-headed ogres
  11 death yaks
  Sonja (D:11)
  A skyshark (Lair:4)
  A cyclops (D:8)
  A torpor snail (Lair:3)
  8 cane toads
  An orange demon (D:9)
  4 komodo dragons
  4 rime drakes
  Maggie (D:8)
  2 trolls
  2 hellwings (D:9)
  A polar bear (Lair:2)
  14 blink frogs
  5 dream sheep (Lair:2)
  2 shadows
  A wraith (D:11)
  36 yaks
  4 wyverns
  A chaos spawn (D:9)
  3 basilisks (D:10)
  A steam dragon (D:9)
  Menkaure (D:5)
  6 vampire mosquitoes
  3 wargs (D:11)
  An acid dragon (D:9)
  10 water moccasins
  A swamp drake (D:10)
  A sky beast (D:8)
  An ice beast (D:7)
  3 orc warriors
  4 black bears
  An ogre (D:5)
  12 wolves
  4 centaurs
  2 kobold brigands
  15 bullfrogs
  5 scorpions
  11 wights
  6 killer bees (D:11)
  2 howler monkeys
  A hound (D:5)
  2 jellies (D:5)
  5 orc priests
  4 hell rats (Lair:3)
  3 iguanas
  11 orc wizards
  2 sleepcaps
  4 adders
  3 gnolls (D:3)
  3 river rats (D:6)
  2 ufetubi
  3 adder skeletons (D:3)
  5 worms
  2 dart slugs
  31 orcs
  8 ball pythons
  7 endoplasms
  5 giant cockroaches
  7 hobgoblins
  5 jackals
  4 quokkas
  A bat (D:1)
  5 frilled lizards
  A goblin (D:1)
  11 kobolds
  4 rats
339 creatures vanquished.

Vanquished Creatures (collateral kills)
  A two-headed ogre (D:11)
  2 death yaks (Lair:2)
  4 yaks (Lair:3)
  A neqoxec (D:9)
  A killer bee (D:11)
  17 foxfires
26 creatures vanquished.

Vanquished Creatures (others)
  1429 foxfires
1429 creatures vanquished.

Grand Total: 1794 creatures vanquished

Notes
Turn   | Place    | Note
-------+----------+-------------------------------------------
     0 | D:1      | BarneyGumball the Djinni Fire Elementalist began the quest
                  | for the Orb.
     0 | D:1      | BarneyGumball set off with the following spells memorised:
                  | Foxfire, Scorch, Volatile Blastmotes, Inner Flame, Flame
                  | Wave.
     0 | D:1      | Reached XP level 1. HP: 15/15 MP: 0/0
   299 | D:1      | Reached XP level 2. HP: 20/21 MP: 0/0
   650 | D:1      | Reached XP level 3. HP: 24/25 MP: 0/0
   650 | D:1      | Learned a level 1 spell: Freeze
   996 | D:2      | Found a faded altar of an unknown god.
  1110 | D:2      | Found a glowing golden altar of the Shining One.
  1366 | D:2      | Found Wustawik's General Store.
  1600 | D:2      | Reached XP level 4. HP: 29/31 MP: 0/0
  2025 | D:2      | Bought a scroll of identify for 24 gold pieces
  2043 | D:3      | Reached XP level 5. HP: 23/35 MP: 0/0
  2043 | D:3      | Learned a level 2 spell: Passwall
  2498 | D:4      | Reached skill level 1 in Fighting
  2498 | D:4      | Reached skill level 1 in Shields
  2719 | D:4      | Reached XP level 6. HP: 37/42 MP: 0/0
  3258 | D:5      | Entered Level 5 of the Dungeon
  3340 | D:5      | Reached XP level 7. HP: 43/49 MP: 0/0
  3340 | D:5      | Learned a level 3 spell: Frozen Ramparts
  3340 | D:5      | Noticed a water moccasin
  3364 | D:5      | Killed a water moccasin
  3442 | D:5      | Noticed Menkaure
  3448 | D:5      | Killed Menkaure
  3449 | D:5      | Reached skill level 5 in Spellcasting
  3449 | D:5      | Reached skill level 5 in Conjurations
  3449 | D:5      | Reached skill level 5 in Hexes
  3449 | D:5      | Reached skill level 5 in Summonings
  3449 | D:5      | Reached skill level 5 in Necromancy
  3449 | D:5      | Reached skill level 5 in Translocations
  3449 | D:5      | Reached skill level 5 in Transmutations
  3449 | D:5      | Reached skill level 5 in Fire Magic
  3449 | D:5      | Reached skill level 5 in Ice Magic
  3449 | D:5      | Reached skill level 5 in Air Magic
  3449 | D:5      | Reached skill level 5 in Earth Magic
  3449 | D:5      | Reached skill level 5 in Poison Magic
  3520 | D:5      | Reached XP level 8. HP: 49/56 MP: 0/0
  4543 | D:6      | Reached skill level 5 in Dodging
  4906 | D:6      | Found an opulent altar of Gozag.
  5173 | D:7      | Noticed PiratePeteNZ's ghost (novice HuFi)
  5175 | D:7      | Found a transporter.
  5237 | D:7      | Reached XP level 9. HP: 54/62 MP: 0/0
  5237 | D:7      | Learned a level 4 spell: Dimensional Bullseye
  5324 | D:7      | Found a transporter.
  5347 | D:7      | Found Saass's Assorted Antiques.
  5548 | D:7      | Found a staircase to the Ecumenical Temple.
  5787 | D:7      | Identified the ring of the Morning {rPois Int+2 Dex+6}
  6449 | D:8      | Noticed a two-headed ogre
  6480 | D:8      | Noticed a cyclops
  6670 | Temple   | Entered the Ecumenical Temple
  6679 | Temple   | Became a worshipper of Makhleb the Destroyer
  6736 | D:8      | Noticed Maggie
  6742 | D:8      | Killed Maggie
  6803 | D:8      | Reached XP level 10. HP: 63/67 MP: 0/0
  7115 | D:8      | Killed a two-headed ogre
  7147 | D:8      | Killed a cyclops
  7148 | D:8      | Reached skill level 10 in Spellcasting
  7148 | D:8      | Reached skill level 10 in Conjurations
  7148 | D:8      | Reached skill level 10 in Hexes
  7148 | D:8      | Reached skill level 10 in Summonings
  7148 | D:8      | Reached skill level 10 in Necromancy
  7148 | D:8      | Reached skill level 10 in Translocations
  7148 | D:8      | Reached skill level 10 in Transmutations
  7148 | D:8      | Reached skill level 10 in Fire Magic
  7148 | D:8      | Reached skill level 10 in Ice Magic
  7148 | D:8      | Reached skill level 10 in Air Magic
  7148 | D:8      | Reached skill level 10 in Earth Magic
  7148 | D:8      | Reached skill level 10 in Poison Magic
  7447 | D:9      | Noticed an orange demon
  7659 | D:9      | Killed an orange demon
  7843 | D:9      | Found a transporter.
  7847 | D:9      | Noticed cpf86's ghost (novice OpSh)
  7849 | D:9      | Noticed a two-headed ogre
  8134 | D:9      | Reached * piety under Makhleb
  8135 | D:9      | Reached XP level 11. HP: 17/73 MP: 0/0
  8135 | D:9      | Learned a level 4 spell: Summon Lightning Spire
  8302 | D:9      | Noticed a two-headed ogre
  8465 | D:9      | Found a transporter.
  8465 | D:9      | Found Kesar's Assorted Antiques.
  8478 | D:9      | Noticed a two-headed ogre
  8485 | D:9      | Noticed a two-headed ogre
  8487 | D:9      | Identified the +1 great mace "Iruaryj" {vamp, rF+ Str-2
                  | Stlth+}
  8487 | D:9      | Noticed a two-headed ogre
  8518 | D:9      | Killed a two-headed ogre
  8848 | D:9      | Reached skill level 5 in Fighting
  9256 | D:9      | Found Ylaacw's Book Boutique.
  9394 | D:9      | Found a transporter.
  9426 | D:9      | Found Dylum's Distillery.
  9432 | D:9      | Bought 2 potions of invisibility for 224 gold pieces
  9432 | D:9      | Bought a potion of enlightenment for 70 gold pieces
  9533 | D:10     | Entered Level 10 of the Dungeon
  9912 | D:10     | Identified the +7 sling of Durable Action {flame, rPois rF+
                  | SInv Stlth-}
 10862 | D:10     | Reached skill level 5 in Invocations
 10932 | D:10     | Found a staircase to the Lair.
 11177 | D:11     | Found a staircase to the Orcish Mines.
 11473 | D:11     | Reached XP level 12. HP: 61/84 MP: 0/0
 11502 | D:11     | Noticed a two-headed ogre
 11503 | D:11     | Noticed Sonja
 11518 | D:11     | Killed Sonja
 11520 | D:11     | Killed a two-headed ogre
 11520 | D:11     | Reached ** piety under Makhleb
 12092 | Lair:1   | Entered Level 1 of the Lair of Beasts
 12412 | Lair:1   | Noticed a death yak
 12437 | Lair:1   | Noticed a death yak
 12437 | Lair:1   | Killed a death yak
 12444 | Lair:1   | Killed a death yak
 12444 | Lair:1   | Noticed a death yak
 12446 | Lair:1   | Noticed a death yak
 12450 | Lair:1   | HP: 1/85 [death yak (12)]
 12452 | Lair:1   | Killed a death yak
 12455 | Lair:1   | Killed a death yak
 13691 | Lair:2   | Reached XP level 13. HP: 90/90 MP: 0/0
 13691 | Lair:2   | Learned a level 5 spell: Agony
 13724 | Lair:2   | Noticed an eight-headed hydra
 13738 | Lair:2   | Killed an eight-headed hydra
 13821 | Lair:2   | Reached *** piety under Makhleb
 14008 | Lair:2   | Found a staircase to the Shoals.
 14125 | Lair:2   | Found a hole to the Spider Nest.
 14622 | Lair:3   | Noticed an eight-headed hydra
 14640 | Lair:3   | Killed an eight-headed hydra
 14895 | Lair:3   | Reached **** piety under Makhleb
 14900 | Lair:3   | HP: 3/90 [spore (5)]
 14905 | Lair:3   | Reached XP level 14. HP: 27/96 MP: 0/0
 15270 | Lair:3   | Identified the +4 falchion "Jekujaga" {chaos, *Noise rC+
                  | Str+2 Dex+3}
 15710 | Lair:4   | Reached skill level 15 in Spellcasting
 15710 | Lair:4   | Reached skill level 15 in Conjurations
 15710 | Lair:4   | Reached skill level 15 in Hexes
 15710 | Lair:4   | Reached skill level 15 in Summonings
 15710 | Lair:4   | Reached skill level 15 in Necromancy
 15710 | Lair:4   | Reached skill level 15 in Translocations
 15710 | Lair:4   | Reached skill level 15 in Transmutations
 15710 | Lair:4   | Reached skill level 15 in Fire Magic
 15710 | Lair:4   | Reached skill level 15 in Ice Magic
 15710 | Lair:4   | Reached skill level 15 in Air Magic
 15710 | Lair:4   | Reached skill level 15 in Earth Magic
 15710 | Lair:4   | Reached skill level 15 in Poison Magic
 15757 | Lair:4   | You are sucked into a shaft and drop 1 floor!
 15757 | Lair:5   | Entered Level 5 of the Lair of Beasts
 15771 | Lair:5   | Reached skill level 1 in Staves
 15781 | Lair:5   | Reached ***** piety under Makhleb
 15784 | Lair:5   | Slain by a goliath frog

Illustrated notes

Levels and vault maps discovered:
D:1:      elethiomel_arrival_infinity_welcomes_careful_drivers, layout_basic
D:2:      layout_loops_ring, dreamdust_ecumenical_altar_statues, basic_altar,
          serial_shops, shop, minmay_cupped
D:3:      layout_rooms, serial_undead, serial_undead_c, serial_undead_f,
          serial_undead_b, serial_undead_e, serial_undead_e
D:4:      layout_gridville
D:5:      layout_loops_cross, uniq_menkaure
D:6:      layout_basic, nicolae_gozag_seed_capital, gup_sewer_entry_spiral
D:7:      layout_basic, minmay_temple_entry_from_below_a, serial_shops,
          nicolae_shop_window_shopping, nzn_ghost_randoct
D:8:      layout_basic, grunt_tough_drop, uniq_maggie
D:9:      layout_layer_cave, gammafunk_ghost_smash, serial_demonic,
          serial_demonic_c, serial_demonic_c, serial_demonic_d,
          serial_demonic_g, serial_shops, shop, nicolae_book_shop_shelving,
          nicolae_shop_drivethru
D:10:     layout_irregular_city, erik_lair_dragon
D:11:     layout_rooms, minmay_orc_entry_guard_dogs, eino_jars, uniq_sonja
Temple:   grunt_wide_crystal_templ
Lair:1:   minmay_lair_oklob_tunnel, layout_regular_city, beast_lair_carwin_2
Lair:2:   layout_loops_ring, minmay_shoals_entry_centaurs,
          nicolae_spider_entry_non_spiders
Lair:3:   layout_cave_pods
Lair:4:   layout_regular_city
Lair:5:   minmay_lair_end_frog_pond, layout_cave_pods, dpeg_slime_entry_corner,
          uniq_urug

Skill      XL: |  1  2  3  4  5  6  7  8  9 10 11 12 13 14 |
---------------+-------------------------------------------+-----
Spellcasting   | 4 5 6 8 10 12 14 15 | 15.0
Conjurations   | 4 5 6 8 10 12 14 15 | 15.0
Hexes          | 4 5 6 8 10 12 14 15 | 15.0
Summonings     | 4 5 6 8 10 12 14 15 | 15.0
Necromancy     | 4 5 6 8 10 12 14 15 | 15.0
Translocations | 4 5 6 8 10 12 14 15 | 15.0
Transmutations | 4 5 6 8 10 12 14 15 | 15.0
Fire Magic     | 4 5 6 8 10 12 14 15 | 15.0
Ice Magic      | 4 5 6 8 10 12 14 15 | 15.0
Air Magic      | 4 5 6 8 10 12 14 15 | 15.0
Earth Magic    | 4 5 6 8 10 12 14 15 | 15.0
Poison Magic   | 4 5 6 8 10 12 14 15 | 15.0
Fighting       | 1 2 3 4 6 7 |  7.2
Shields        | 1 2 3 4 |  4.0
Dodging        | 3 4 5 7 8 |  8.2
Invocations    | 5 7 |  7.4
Staves         | 1 |  1.3
Stealth        | |  1.5

Action                     |  1- 3 |  4- 6 |  7- 9 | 10-12 | 13-15 || total
---------------------------+-------+-------+-------+-------+-------++-------
  Melee: Dagger            |     9 |     5 |    25 |    25 |       ||    64
         Unarmed           |     1 |       |       |       |       ||     1
         Staff             |       |       |       |       |    24 ||    24
  Throw: Dart              |       |       |     1 |     2 |     1 ||     4
   Cast: Foxfire           |    54 |   115 |   135 |   378 |   159 ||   841
         Scorch            |       |     3 |    31 |    54 |    27 ||   115
         Volatile Blastmot |       |       |     1 |     1 |       ||     2
         Frozen Ramparts   |       |       |     7 |    30 |    31 ||    68
         Inner Flame       |       |       |       |    13 |    44 ||    57
         Summon Lightning  |       |       |       |     3 |     6 ||     9
         Flame Wave        |       |       |       |     2 |     1 ||     3
         Freeze            |       |       |       |     1 |       ||     1
    Use: Scroll            |       |     5 |     7 |     6 |     4 ||    22
         Potion            |       |       |       |     3 |     2 ||     5
 Armour: Robe              |     8 |     9 |    35 |       |       ||    52
         Steam dragon scal |       |       |       |   131 |   157 ||   288
  Dodge: Dodged            |     9 |     6 |    38 |    86 |    67 ||   206
  Block: Buckler           |       |     1 |     8 |    34 |    22 ||    65

Table legend: (Time is in decaauts)
 A = Elapsed time spent in this place.
 B = Non-inter-level travel time spent in this place.
 C = Inter-level travel time spent in this place.
 D = Time resting spent in this place.
 E = Time spent auto-exploring this place.
 F = Levels seen in this place.
 G = Mean time per level.
                   A        B        C        D        E       F      G
               +--------+--------+--------+--------+--------+-----+--------+
         Total |  15806 |  14933 |    873 |    961 |  11321 |  17 |  929.8 |
       Dungeon |  12312 |  11538 |    774 |    839 |   8784 |  11 | 1119.3 |
        Temple |     18 |      1 |     17 |      0 |      0 |   1 |   18.0 |
          Lair |   3474 |   3393 |     81 |    122 |   2537 |   5 |  694.8 |
               +--------+--------+--------+--------+--------+-----+--------+

Top non-repeatable levels by time:
     D:9: 1811 daAuts
    D:10: 1739 daAuts
     D:8: 1648 daAuts
  Lair:1: 1349 daAuts
  Lair:3: 1173 daAuts
     D:7: 1043 daAuts
    D:11: 1024 daAuts
     D:1: 989 daAuts
     D:5: 899 daAuts
     D:6: 889 daAuts
  Lair:2: 853 daAuts
     D:2: 846 daAuts
     D:4: 789 daAuts
     D:3: 631 daAuts
  Lair:4: 70 daAuts
